 Dungeon Crawl Stone Soup version 0.29.1-15-g9cfb28693d (webtiles) character file.

Game seed: 15496165982876600227

3798 Eitelfritz the Thaumaturge (level 9, -5/93 HPs)
             Began as a Demonspawn Ice Elementalist on Feb 24, 2023.
             Was an Initiate of Hepliaklqana.
             Slain by an orc warrior
             ... wielding a +0 hand axe
              (7 damage)
             ... on level 7 of the Dungeon.
             The game lasted 00:38:35 (8290 turns).

Eitelfritz the Thaumaturge (DsIE)                   Turns: 8290, Time: 00:38:35

Health: -5/93      AC: 24    Str: 10    XL:     9   Next: 96%
Magic:  19/21      EV:  2    Int: 20    God:    Hepliaklqana [......]
Gold:   314        SH:  0    Dex: 13    Spells: 7/24 levels left

rFire   . . .      SeeInvis .   a - +2 lajatang
rCold   . . .      Faith    .   (shield currently unavailable)
rNeg    . . .      Spirit   .   (body armour currently unavailable)
rPois   +          Reflect  .   (helmet currently unavailable)
rElec   .          Harm     .   (cloak currently unavailable)
rCorr   .          Rampage  .   (gloves currently unavailable)
Will    .....      NoTele   +   (boots currently unavailable)
Stlth   +++.......              (no amulet)
HPRegen 0.25/turn               j - ring of wizardry
MPRegen 0.17/turn               (no ring)

@: tree-form, freezing walls
A: stationary, stasis, torment immunity, boosted hp, (horns 2), foul stench 1
a: Renounce Religion


You were on level 7 of the Dungeon.
You worshipped Hepliaklqana.
Hepliaklqana was noncommittal.
You were a tree.
You visited 2 branches of the dungeon, and saw 8 of its levels.

You collected 380 gold pieces.
You spent 66 gold pieces at shops.

Inventory:

Hand Weapons
 a - a +2 lajatang (weapon)
 h - a +0 dagger
 t - a +2 dagger of holy wrath
 y - a +1 rapier
Missiles
 c - 10 boomerangs
 i - 29 poisoned darts
Armour
 g - a +0 helmet
 k - a +0 leather armour of cold resistance
 l - a +0 robe
 n - a +0 cloak (melded)
 q - a +0 pair of boots (melded)
 v - the +1 robe of the Learner (melded) {-Tele rElec Archmagi}
   (You found it on level 3 of the Dungeon)

   rElec:     It insulates you from electricity.
   -Tele:     It prevents most forms of teleportation.
   Archmagi:  It increases the power of your magical spells.
Magical Staves
 b - a staff of cold
Jewellery
 j - a ring of wizardry (left branch)
Wands
 o - a wand of digging (6)
 z - a wand of polymorph (11)
Scrolls
 d - 7 scrolls of teleportation
 r - a scroll of amnesia
 u - a scroll of identify
 x - a scroll of magic mapping
 A - a scroll of silence
Potions
 e - a potion of lignification
 f - a potion of flight
 m - 2 potions of mutation
 p - a potion of might
 s - a potion of brilliance {unknown}
 w - 2 potions of magic


   Skills:
 + Level 2.6 Fighting
 + Level 0.4 Short Blades
 + Level 3.4 Staves
 + Level 3.5 Dodging
 + Level 4.7 Stealth
 + Level 8.2 Spellcasting
 + Level 3.1 Hexes
 + Level 8.0 Ice Magic


You had 7 spell levels left.
You knew the following spells:

 Your Spells              Type           Power      Damage    Failure   Level
a - Freeze                Ice            100%       1d11      1%          1
b - Frozen Ramparts       Ice            80%        1d13      1%          3
c - Ozocubu's Armour      Ice            40%        N/A       1%          3
d - Hailstorm             Conj/Ice       24%        3d7       6%          4
e - Tukima's Dance        Hex            20%        N/A       2%          3
f - Gell's Gravitas       Tloc           8%         N/A       11%         3

Your spell library contained the following spells:

 Spells                   Type           Power      Damage    Failure   Level
 Teleport Other           Tloc           8%         N/A       11%         3
 Passage of Golubria      Tloc           8%         N/A       32%         4
 Yara's Violent Unravell  Hex/Tmut       7%         3d5       43%         5
 Dispersal                Tloc           4%         N/A       99%         6


Dungeon Overview and Level Annotations

Branches:
Dungeon (7/15)             Temple (1/1) D:6

Altars:
Ashenzari
Dithmenos
Fedhas
Gozag
Hepliaklqana
Kikubaaqudgha
Makhleb
Nemelex Xobeh
Okawaru
Qazlal
Ru
Sif Muna
Trog
Uskayaw
Vehumet
Wu Jian
Xom
Yredelemnul

Shops:
D:5 *


Innate Abilities, Weirdness & Mutations

You are a tree.
Your roots penetrate the ground, keeping you stationary.
You cannot be teleported.
You are immune to unholy pain and torment.
Your maximum health is greatly increased.
Your equipment is partially melded.
((You have a pair of horns on your head.))
You may rarely emit foul miasma when damaged in melee.


Message History

The wall freezes something.
Something hits you. Something shocks you. You resist.
The wall freezes the orc warrior but does no damage.
The orc warrior hits you with a +0 hand axe!
You slash the necrophage! Your headbutt misses the necrophage.
The necrophage is severely damaged.
The ice beast completely resists.
The wall freezes the ice beast but does no damage.
The ice beast barely misses you.
The necrophage resists.
The wall freezes the necrophage!
The necrophage misses you.
The wall freezes something!
Something hits you. Something shocks you. You resist.
The wall freezes the orc warrior but does no damage.
The orc warrior hits you with a +0 hand axe!
You slash the necrophage!
You destroy the necrophage!
The wall freezes something!
Reactivating autopickup.
You feel a bit more experienced.
The ice beast completely resists.
The wall freezes the ice beast but does no damage.
The ice beast hits you. The ice beast freezes you!
* * * LOW HITPOINT WARNING * * *
You emit a cloud of foul miasma!
The wall freezes the orc warrior but does no damage.
The orc warrior hits you with a +0 hand axe!
* * * LOW HITPOINT WARNING * * *
Okay, then.
Unknown command.
Really quaff the potion of lignification?
You turn into a tree.
Your +0 cloak melds into your body.
Your +0 pair of boots melds into your body.
The +1 robe of the Learner {-Tele rElec Archmagi} melds into your body.
Your roots penetrate the ground.
The ice beast is engulfed in dark miasma.
The ice beast is poisoned.
The ice beast completely resists.
The wall freezes the ice beast but does no damage.
The ice beast hits you but does no damage.
The wall freezes the orc warrior.
The orc warrior hits you with a +0 hand axe!
You die...

#........#####
######.........#
##....##...####.#
##..n...##..# #.
#$$#..##.# #..
#$..'..#
..$##$..'..#
+..#$o#†.####
#...Y♣.##
##.)..## ######


You could see an orc warrior and an ice beast (poisoned).

Vanquished Creatures
  Pikel (D:4)
  Grinder (D:5)
  Prince Ribbit (D:5)
  6 yaks (D:6)
  Menkaure (D:4)
  A water moccasin (D:7)
  A black bear (D:4)
  A sky beast (D:7)
  2 orc warriors
  An ice beast (D:6)
  An ogre (D:6)
  A lemure (D:4)
  2 kobold brigands
  2 bullfrogs
  A scorpion (D:6)
  A gnoll sergeant (D:7)
  A necrophage (D:7)
  A jelly (D:5)
  3 hounds
  5 orc priests
  3 iguanas (D:6)
  Ijyb (D:3)
  9 orc wizards
  7 adders
  10 gnolls
  An ufetubus (D:4)
  2 worms (D:5)
  A dart slug (D:2)
  18 orcs
  8 endoplasms
  2 giant cockroaches
  11 goblins
  7 hobgoblins
  5 jackals
  2 quokkas
  8 ball pythons
  5 bats
  2 frilled lizards (D:2)
  13 kobolds
  7 rats
156 creatures vanquished.

Vanquished Creatures (collateral kills)
  2 gnolls (D:7)
  2 orcs (D:7)
4 creatures vanquished.

Grand Total: 160 creatures vanquished

Notes
Turn   | Place    | Note
-------+----------+-------------------------------------------
     0 | D:1      | Eitelfritz the Demonspawn Ice Elementalist began the quest
                  | for the Orb.
     0 | D:1      | Reached XP level 1. HP: 13/13 MP: 3/3
   517 | D:1      | Gained mutation: You have a pair of small horns on your
                  | head. [demonic ancestry]
   517 | D:1      | Reached XP level 2. HP: 12/19 MP: 0/5
  1445 | D:2      | Gained mutation: You may rarely emit foul miasma when
                  | damaged in melee. [demonic ancestry]
  1445 | D:2      | Reached XP level 3. HP: 11/24 MP: 2/7
  1598 | D:2      | Found a sparkling altar of Nemelex Xobeh.
  1715 | D:2      | Learned a level 3 spell: Frozen Ramparts
  1719 | D:2      | Learned a level 3 spell: Ozocubu's Armour
  1890 | D:2      | Reached XP level 4. HP: 25/30 MP: 2/8
  2276 | D:2      | Found a faded altar of an unknown god.
  2485 | D:3      | Noticed Ijyb
  2509 | D:3      | Killed Ijyb
  3224 | D:3      | Identified the +1 robe of the Learner {-Tele rElec
                  | Archmagi}
  3244 | D:3      | Reached XP level 5. HP: 35/35 MP: 8/10
  3684 | D:4      | Noticed Menkaure
  3693 | D:4      | Killed Menkaure
  3694 | D:4      | Reached XP level 6. HP: 42/42 MP: 3/12
  3784 | D:4      | Reached skill level 5 in Ice Magic
  4300 | D:4      | Gained mutation: You have a pair of horns on your head.
                  | [demonic ancestry]
  4300 | D:4      | Reached XP level 7. HP: 47/47 MP: 8/13
  4352 | D:4      | Noticed Pikel
  4691 | D:4      | Killed Pikel
  4692 | D:4      | Reached skill level 1 in Fighting
  4692 | D:4      | Reached skill level 1 in Staves
  4692 | D:4      | Reached skill level 5 in Spellcasting
  4892 | D:4      | Reached XP level 8. HP: 51/54 MP: 13/16
  5130 | D:5      | Entered Level 5 of the Dungeon
  5174 | D:5      | Noticed Grinder
  5200 | D:5      | Killed Grinder
  5385 | D:5      | Found Uguinumn's Assorted Antiques.
  5390 | D:5      | Bought a scroll of identify for 46 gold pieces
  5390 | D:5      | Bought a bubbling sapphire potion for 20 gold pieces
  5618 | D:5      | Noticed Prince Ribbit
  5626 | D:5      | Killed Prince Ribbit
  6403 | D:5      | Learned a level 4 spell: Hailstorm
  6616 | D:5      | Learned a level 3 spell: Tukima's Dance
  6657 | D:6      | HP: 2/56 [something (2)]
  6979 | D:6      | Reached XP level 9. HP: 52/62 MP: 14/19
  7083 | D:6      | Reached skill level 1 in Hexes
  7186 | D:6      | Identified the +2 chain mail "Vefosk" {Stlth+}
  7435 | D:6      | Found a staircase to the Ecumenical Temple.
  7454 | D:6      | Learned a level 3 spell: Gell's Gravitas
  7461 | Temple   | Entered the Ecumenical Temple
  7517 | Temple   | Became a worshipper of Hepliaklqana the Forgotten
  8289 | D:7      | HP: 1/62 [orc warrior/+0 hand axe (7)]
  8290 | D:7      | Slain by an orc warrior

Illustrated notes

Levels and vault maps discovered:
D:1:      minmay_arrival_pointy, layout_basic, kennysheep_small_spiral
D:2:      layout_loops_cross, basic_altar, basic_ecumenical_altar,
          minmay_goblin_kobold_house
D:3:      minmay_angry_zag, layout_loops_cross, uniq_ijyb
D:4:      layout_rooms, hangedman_minor_gate_pass, uniq_menkaure, uniq_pikel
D:5:      layout_rooms, serial_shops, nicolae_shop_hallway_plus,
          mrwooster_statue_mirror, minmay_a_box_with_orc_wizards_in_it,
          uniq_grinder, uniq_prince_ribbit1
D:6:      layout_cave_pools, minmay_temple_entry_glassed_door
D:7:      minmay_polygon_palace, layout_loops_ring, slow_altar_2, st_stairs_14,
          kennysheep_cross_room, minivault_19, minmay_misc_feat_square
Temple:   grunt_wide_crystal_templ

Skill      XL: |  1  2  3  4  5  6  7  8  9 |
---------------+----------------------------+-----
Ice Magic      | 4 5 6 7 8 |  8.0
Spellcasting   | 3 4 5 6 8 |  8.2
Dodging        | 2 3 |  3.5
Stealth        | 2 3 4 |  4.7
Fighting       | 1 2 |  2.6
Staves         | 1 2 3 |  3.4
Hexes          | 3 |  3.1
Short Blades   | |  0.4

Action                   |  1- 3 |  4- 6 |  7- 9 || total
-------------------------+-------+-------+-------++-------
Melee: Unarmed           |     7 |       |       ||     7
       Dagger            |     2 |    22 |       ||    24
       Headbutt          |       |     5 |    15 ||    20
       Rapier            |       |     9 |       ||     9
       Lajatang          |       |     1 |    64 ||    65
       Staff             |       |       |    31 ||    31
 Cast: Freeze            |    43 |    52 |    46 ||   141
       Frozen Ramparts   |       |     7 |    25 ||    32
       Ozocubu's Armour  |       |     1 |     3 ||     4
       Tukima's Dance    |       |       |    10 ||    10
       Hailstorm         |       |       |     1 ||     1
  Use: Scroll            |       |    10 |     9 ||    19
       Potion            |       |       |     2 ||     2
 Stab: Sleeping          |     1 |    10 |     2 ||    13
Armor: Robe              |    10 |    28 |    34 ||    72
       Skin              |       |       |     1 ||     1
Dodge: Dodged            |    29 |    35 |    66 ||   130
